 Dungeon Crawl Stone Soup version 0.18.1-50-g88ac8fd (webtiles) character file.

67 Nedvokis the Magician (level 4, -1/24 HPs)
             Began as a Deep Elf Fire Elementalist on Oct 13, 2016.
             Slain by SaintRoka's ghost (3 damage)
             ... on level 3 of the Dungeon.
             The game lasted 00:11:55 (1733 turns).

Nedvokis the Magician (Deep Elf Fire Elementalist)  Turns: 1733, Time: 00:11:56

Health: -1/24      AC:  3    Str:  5    XL:     4   Next: 0%
Magic:  11/12      EV: 13    Int: 20    God:
Gold:   119        SH:  0    Dex: 16    Spells: 1 memorised, 10 levels left

rFire  . . .     SeeInvis .     m - +1 dagger (drain)
rCold  . . .     Gourm    .     k - +0 robe
rNeg   . . .     Faith    .     (no shield)
rPois  .         Spirit   .     (no helmet)
rElec  .         Dismiss  .     p - +0 cloak
rCorr  .         Reflect  .     (no gloves)
SustAt .         Harm     .     (no boots)
MR     .....                    (no amulet)
Stlth  ++........               (no ring)
                                (no ring)

@: not resistant to hostile enchantments, unstealthy
A: no striking features
a: no special abilities


You were on level 3 of the Dungeon.
You were not hungry.

You visited 1 branch of the dungeon, and saw 3 of its levels.

You collected 119 gold pieces.

Inventory:

Hand Weapons
 d - a +0 dagger
 j - a +0 whip
 m - a +1 dagger of draining (weapon)
Armour
 a - a +0 robe
 k - a +0 robe (worn)
 p - a +0 cloak (worn)
Wands
 o - a wand of enslavement (7/24)
Scrolls
 e - 2 scrolls of teleportation {unknown}
Potions
 g - 2 potions of curing {unknown}
 n - a potion of agility {unknown}
Books
 b - a book of Flames

   Spells                             Type                      Level
   a - Flame Tongue                   Conjuration/Fire             1
   b - Throw Flame                    Conjuration/Fire             2
   c - Conjure Flame                  Conjuration/Fire             3
   d - Inner Flame                    Hexes/Fire                   3
   e - Sticky Flame                   Conjuration/Fire             4
   f - Fireball                       Conjuration/Fire             5
Comestibles
 c - a bread ration
 h - 2 meat rations
 i - 4 chunks of flesh
 l - 2 fruits


   Skills:
 * Level 2.8 Dodging
 * Level 3.2 Stealth
 * Level 4.2 Spellcasting
 + Level 1.5 Conjurations
 + Level 3.9 Fire Magic


You had 10 spell levels left.
You knew the following spells:

 Your Spells              Type           Power        Failure   Level  Hunger
a - Flame Tongue          Conj/Fire      ###..        4%          1    None


Dungeon Overview and Level Annotations

Branches:
Dungeon (3/15)

Altars:
Dithmenos
Makhleb

Annotations:
D:3 SaintRoka's ghost, weakling VSMo


Message History

Found a stone staircase leading down.
You hit the bat but do no damage. You drain the bat!
The bat is heavily wounded.
The bat hits you but does no damage. The goblin hits you but does no damage.
SaintRoka's ghost hits you! The bat hits you.
The goblin hits you with a dagger.
* * * LOW HITPOINT WARNING * * *
The hobgoblin hits you with a club.
* * * LOW HITPOINT WARNING * * *
Casting: Flame Tongue
Confirm with . or Enter, or press ? or * to list all spells.
Aiming: Flame Tongue
Press: ? - help, Shift-Dir - straight line, f/p - SaintRoka's ghost
Aim: SaintRoka's ghost The flame tongue hits SaintRoka's ghost.
SaintRoka's ghost appears unharmed.
The bat barely misses you. The bat hits you but does no damage.
The goblin hits you with a dagger.
* * * LOW HITPOINT WARNING * * *
SaintRoka's ghost hits you.
You die...

...# ...# ..## ..##
...#####
.......###########
...###.##.....go.#####.>
...# #......#..gWb......
...###.......###@###....
....#...###...##g# .
.##.#..##.##...#..
###.##.#._.#.#.....
#.##.......####..#
#..##.....## #.#
##..##...## .# # ###.##
.# # ##.#


You could see SaintRoka's ghost, an orc, 2 hobgoblins, a goblin and a bat.

Vanquished Creatures
  2 adders (D:2)
  An ooze (D:2)
  A dart slug (D:2)
  A giant gecko (D:2)
  3 giant cockroaches
  5 goblins
  7 jackals (D:2)
  2 ball pythons
  7 bats
  A giant newt (D:2)
  6 kobolds
  4 rats
40 creatures vanquished.

Notes
Turn   | Place    | Note
--------------------------------------------------------------
     0 | D:1      | Nedvokis the Deep Elf Fire Elementalist began the quest for the Orb.
     0 | D:1      | Reached XP level 1. HP: 10/10 MP: 6/6
   414 | D:1      | Reached XP level 2. HP: 15/15 MP: 5/8
   795 | D:2      | Found a burning altar of Makhleb.
  1033 | D:2      | Reached XP level 3. HP: 17/19 MP: 5/10
  1241 | D:2      | Reached skill level 4 in Spellcasting
  1631 | D:3      | Reached XP level 4. HP: 23/24 MP: 7/12
  1680 | D:3      | Noticed SaintRoka's ghost (weakling VSMo)
  1719 | D:3      | Found a shadowy altar of Dithmenos.
  1733 | D:3      | Slain by SaintRoka's ghost

Skill      XL: |  1  2  3 |
---------------+----------+-----
Spellcasting   | 4 |  4.2
Stealth        | 3 |  3.2
Dodging        | |  2.8
Conjurations   | |  1.5
Fire Magic     | |  3.9

Action                   |  1- 3 |  4- 6 || total
-------------------------+-------+-------++-------
Melee: Dagger            |    20 |     1 ||    21
 Cast: Flame Tongue      |    50 |     3 ||    53
  Use: Scroll            |     1 |     1 ||     2
 Stab: Sleeping          |     1 |       ||     1
  Eat: Chunk             |     2 |       ||     2
Armor: Robe              |    12 |     2 ||    14
Dodge: Dodged            |    20 |     4 ||    24
